 Dungeon Crawl Stone Soup version 0.30.0 (webtiles) character file.

Game seed: 9266737861482380138

32 Deliniquente the Shooter (level 3, -25/37 HPs)
             Began as an Ogre Hunter on July 6, 2023.
             Killed by an exploding jackal (32 damage)
             ... ignited by their inner flame
             ... on level 2 of the Dungeon.
             The game lasted 00:03:23 (819 turns).

Deliniquente the Shooter (Ogre Hunter)               Turns: 819, Time: 00:03:23

Health: -25/37     AC:  3    Str: 15    XL:     3   Next: 27%
Magic:  3/3        EV: 10    Int: 10    God:
Gold:   65         SH:  0    Dex: 14    Spells: 2/2 levels left

rFire   . . .        a - +0 shortbow
rCold   . . .        (shield currently unavailable)
rNeg    . . .        c - +0 robe
rPois   .            (helmet restricted)
rElec   .            (no cloak)
rCorr   .            (gloves unavailable)
SInv    .            (boots unavailable)
Will    .....        (no amulet)
Stlth   ++           (no ring)
HPRegen 0.26/turn    (no ring)
MPRegen 0.08/turn

%: no passive effects
@: no status effects
A: large, unfitting armour, tough skin 1
a: no special abilities


You were on level 2 of the Dungeon.
You visited 1 branch of the dungeon, and saw 2 of its levels.

You collected 65 gold pieces.

Inventory:

Hand Weapons
 a - a +0 shortbow (weapon)
Armour
 c - a +0 robe (worn)
Jewellery
 d - a ring of positive energy
 f - an amulet of the acrobat
Scrolls
 e - a scroll of poison {unknown}
Potions
 g - a potion of lignification {unknown}
 h - 2 potions of heal wounds {unknown}


   Skills:
 + Level 3.0 Fighting
 + Level 3.7 Ranged Weapons
 + Level 1.8 Dodging
 + Level 0.6 Stealth


You had 2 spell levels left.
You didn't know any spells.
Your spell library was empty.

Dungeon Overview and Level Annotations

Branches:
Dungeon (2/15)

Altars:

Shops:
D:2 [


Innate Abilities, Weirdness & Mutations

You are too large for most types of armour.
You have tough skin. (AC +1)


Message History

The jackal closely misses you. The jackal barely misses you.
The jackal closely misses you. The jackal barely misses you.
Fire: a) +0 shortbow
Press: ? - help, Q - select action Shift-Dir - straight line, f/p - jackal
Aim: a jackal (53% to hit)
You shoot an arrow. The arrow hits the jackal.
The jackal is moderately wounded.
The jackal closely misses you. The jackal barely misses you.
Fire: a) +0 shortbow
Press: ? - help, Q - select action Shift-Dir - straight line, f - kobold, p - jackal
Aim: a kobold, wielding a +0 short sword (53% to hit)
You shoot an arrow. The arrow hits the jackal.
The jackal is almost dead.
The jackal completely misses you. The jackal bites you.
* * * LOW HITPOINT WARNING * * *
Read: scroll of immolation
Press: ? - help, Q - select action, (/) - cycle Dir - look around, f - activate Look: a kobold, wielding a +0 short sword (susceptible)
As you read the scroll of immolation, it crumbles to dust.
The creatures around you are filled with an inner flame!
The jackal closely misses you.
Fire: a) +0 shortbow
Press: ? - help, Q - select action Shift-Dir - straight line, f/p - kobold
Aim: a kobold, wielding a +0 short sword (inner flame, 53% to hit)
You shoot an arrow. The arrow barely misses the jackal.
The arrow barely misses the kobold.
The jackal closely misses you.
The jackal bites you but does no damage.
Fire: a) +0 shortbow
Press: ? - help, Q - select action Shift-Dir - straight line, f/p - kobold
Aim: a kobold, wielding a +0 short sword (inner flame, 53% to hit)
You shoot an arrow. The arrow hits the jackal.
The jackal explodes!
The fiery explosion engulfs the rat!!
The fiery explosion engulfs the kobold!!
The fiery explosion engulfs you!!
Ouch! That really hurt!
You die...

#.......>..
..........
##........###
#>...........
#..........# ##
#..<.....).# .#
####.†........# .#
.........[....###.#
####.........#§.@.#
###.......#§####
######....#
.........###
K#######... ####..
... ##


There were no monsters in sight!

Vanquished Creatures
  A worm (D:1)
  A dart slug (D:1)
  5 bats
  An endoplasm (D:1)
  A giant cockroach (D:1)
  A goblin (D:1)
  A hobgoblin (D:1)
  5 jackals
  3 kobolds
  5 ball pythons (D:1)
  2 frilled lizards (D:1)
  4 rats
30 creatures vanquished.

Notes
Turn   | Place    | Note
-------+----------+-------------------------------------------
     0 | D:1      | Deliniquente the Ogre Hunter began the quest for the Orb.
     0 | D:1      | Reached XP level 1. HP: 22/22 MP: 1/1
    68 | D:1      | Reached XP level 2. HP: 29/29 MP: 2/2
   631 | D:1      | Reached XP level 3. HP: 36/36 MP: 3/3
   752 | D:2      | Found Petups's Antique Armour Shop.
   819 | D:2      | Killed by an exploding jackal... ignited by their inner
                  | flame

Illustrated notes

Levels and vault maps discovered:
D:1:      dpeg_arrival_water_temple_mockup, layout_loops_ring,
          minmay_misc_feat_enclosed, minivault_27, hangedman_decor_growths
D:2:      layout_rooms, serial_shops, nicolae_shop_waterfront

Skill      XL: |  1  2  3 |
---------------+----------+-----
Ranged Weapons | 3 |  3.7
Fighting       | 3 |  3.0
Dodging        | |  1.8
Stealth        | |  0.6

Action                     || total
---------------------------++-------
   Fire: Shortbow          ||    73
    Use: Scroll            ||     1
 Armour: Robe              ||    20
  Dodge: Dodged            ||    44
